Map: Efeméride LE

Players

BruliSan

  • Race: Protoss Protoss
  • League: Platinum
  • Spawn Location: 5:00

LowLinK - Winner!

  • Race: Protoss Protoss
  • League: Platinum
  • Spawn Location: 11:00

VOD

Have the link to the VOD?

Description

Time

  • Played on: Feb. 15, 2020, 8:31 a.m.
  • Length: 4:52
Show
View Real Time Build Order
Export as new Build Order

BruliSan Protoss 

Build Orders:  

Get SALT Encoding   

  12  0:02  Probe  
  13  0:14  Pylon  
  13  0:18  Probe (Chrono Boost)  
  14  0:30  Probe (Chrono Boost)  
  15  0:37  Gateway  
  15  0:43  Probe  
  15  0:47  Assimilator  
  16  1:00  Probe (Chrono Boost)  
  17  1:08  Assimilator  
  18  1:12  Probe (Chrono Boost)  
  18  1:19  Probe (Chrono Boost)  
  18  1:21  Gateway  
  19  1:28  Cybernetics Core  
  19  1:30  Probe  
  20  1:42  Probe, Pylon  
  21  1:54  Probe  
  21  1:56  Pylon  
  22  2:08  Robotics Facility  
  22  2:12  Probe  
  22  2:14  Warp Gate  
  23  2:19  Stalker  
  25  2:34  Probe  
  25  2:35  Stalker  
  28  2:51  Stalker  
  28  2:57  Immortal (Chrono Boost)  
  34  3:26  Pylon, Immortal (Chrono Boost)  
  34  3:29  Pylon  
  31  4:06  Stalker x2  
  17  4:43  Pylon  
Show
View Real Time Build Order
Export as new Build Order

LowLinK Protoss - Winner!

Build Orders:  

Get SALT Encoding   

  12  0:01  Probe  
  13  0:13  Probe  
  14  0:18  Pylon  
  14  0:25  Probe  
  15  0:36  Gateway  
  15  0:38  Probe (Chrono Boost)  
  16  0:47  Assimilator  
  16  0:48  Probe (Chrono Boost)  
  17  0:53  Probe (Chrono Boost)  
  17  0:56  Assimilator  
  18  1:04  Probe  
  18  1:10  Pylon  
  19  1:16  Probe  
  20  1:24  Cybernetics Core  
  20  1:29  Probe  
  21  1:41  Probe  
  22  1:53  Probe, Pylon  
  23  1:54  Warp Gate (Chrono Boost)  
  23  2:03  Sentry  
  25  2:12  Gateway  
  25  2:18  Gateway x2  
  25  2:24  Gateway  
  25  2:35  Stalker  
  27  2:43  Pylon  
  27  2:47  Pylon  
  27  3:25  Pylon  
  27  3:28  Stalker x3  
  27  3:29  Stalker x2  
  37  3:47  Stalker  
  37  4:04  Stalker x3  
  43  4:12  Pylon  
Tags
 
Add a new tag
Caveats
  • Supply blocks, unpowered buildings, or Contaminate may cause inaccurate times.
  • Supply counts are checked every 10 seconds.